 Dungeon Crawl Stone Soup version 0.29.0-11-gd7f09526c8 (webtiles) character file.

Game seed: 18035394171891753621

91 SensoryNuts the Cutter (level 4, 0/35 HPs)
             Began as a Vampire Fighter on Sept 6, 2022.
             Killed from afar by a white imp (4 damage)
             ... with a puff of frost
             ... summoned by Natasha
             ... on level 2 of the Dungeon.
             The game lasted 00:03:16 (2365 turns).

SensoryNuts the Cutter (Vampire Fighter)            Turns: 2365, Time: 00:03:17

Health: 0/35       AC: 15    Str: 18    XL:     4   Next: 33%
Magic:  4/4        EV:  1    Int: 10    God:
Gold:   110        SH:  6    Dex: 25    Spells: 3/3 levels left

rFire   + . .      SeeInvis +   a - +0 rapier
rCold   + . .      Faith    .   c - +0 buckler
rNeg    + . .      Spirit   .   j - +0 crystal plate armour of Card Tricks {rN+ Str+3 Dex+4 Stlth+}
rPois   +          Reflect  .   (no helmet)
rElec   +          Harm     .   (no cloak)
rCorr   +          Rampage  .   (no gloves)
Will    .....                   (no boots)
Stlth   ..........              (no amulet)
HPRegen 0.31/turn               i - +6 ring of dexterity
MPRegen 0.09/turn               (no ring)

@: mighty, resistant, healing quickly, hasted and slowed
A: alive, fangs 3, see invisible, vampiric 2
a: Exsanguinate


You were on level 2 of the Dungeon.
You visited 1 branch of the dungeon, and saw 2 of its levels.

You collected 110 gold pieces.

Inventory:

Hand Weapons
 a - a +0 rapier (weapon)
Armour
 c - a +0 buckler (worn)
 j - the +0 crystal plate armour of Card Tricks (worn) {rN+ Str+3 Dex+4 Stlth+}
   (You acquired it on level 2 of the Dungeon)

   Str:       It affects your strength (+3).
   Dex:       It affects your dexterity (+4).
   rN:        It protects you from negative energy.
   Stlth:     It makes you more stealthy.
Jewellery
 i - a +6 ring of dexterity (left hand)
Scrolls
 e - a scroll of fear
Potions
 d - a potion of might
 g - a potion of curing {unknown}
 h - a potion of cancellation {unknown}
 l - a potion of heal wounds {unknown}


   Skills:
 + Level 3.0 Fighting
 * Level 3.2(3.3) Short Blades
 + Level 1.0(2.1) Long Blades
 + Level 2.6 Armour
 + Level 0.3 Dodging
 * Level 2.8 Stealth
 + Level 3.0 Shields


You had 3 spell levels left.
You didn't know any spells.
Your spell library contained the following spells:

 Spells                   Type           Power      Damage    Failure   Level
 Necrotise                Necr           0%         1d4       100%        1
 Vampiric Draining        Necr           0%         2d6       100%        3
 Agony                    Necr           0%         N/A       100%        5


Dungeon Overview and Level Annotations

Branches:
Dungeon (2/15)

Altars:

Shops:
D:2 =![:[

Annotations:
D:2 Natasha


Innate Abilities, Weirdness & Mutations

Your natural rate of healing is accelerated.
You have razor-sharp teeth.
You have supernaturally acute eyesight. (SInv)
You are afflicted with vampirism and can become a bat while bloodless.


Message History

The white imp gestures at you. The puff of frost hits you!
You block Natasha's attack.
The crimson imp hits you but does no damage.
You hit Natasha.
Natasha is moderately wounded.
Natasha casts a spell at you. The magic dart hits you!
The crimson imp blinks!
Natasha claws you but does no damage. The white imp hits you.
* * * LOW HITPOINT WARNING * * *
The white imp freezes you.
* * * LOW HITPOINT WARNING * * *
You feel very mighty all of a sudden. You block Natasha's attack.
The crimson imp hits you but does no damage.
You block the white imp's attack.
Unknown command.
It was a potion of resistance.
You feel protected. Natasha claws you but does no damage.
The crimson imp hits you but does no damage.
The white imp gestures at you.
The puff of frost hits you but does no damage.
You block Natasha's attack.
The crimson imp hits you but does no damage.
You block the white imp's attack.
You hit Natasha.
Natasha is heavily wounded.
Natasha howls an incantation.
Natasha glows brightly for a moment.
Natasha stares at you and mumbles some strange words.
The magic dart hits you but does no damage.
The crimson imp hits you but does no damage.
The white imp hits you but does no damage.
Natasha claws you but does no damage. The crimson imp hits you.
* * * LOW HITPOINT WARNING * * *
Unknown command.
You feel yourself speed up. The white imp gestures at you.
The puff of frost hits you. You resist.
You die...

.###..........#.......#
.....#.########.......#
######.# #.##.##.# #.#
#∩##..#.# ##'## #.###.#.#
# ##...## #.......# #
##.....## #.###.#.#
###.......## #.......#
##.........####.@h#.#####
.'.........'...∩55......#
##.........####...#.###.#
##.......## ##.##.# #.#
##.....## #....# #.#
##...## #..#.###.# ##'##
#........# #.# ###.######
#.# #.#


You could see Natasha, a crimson imp (summoned) and a white imp (summoned).

Vanquished Creatures
  Natasha (D:2)
  2 adders (D:2)
  A worm (D:2)
  2 dart slugs (D:1)
  A spectral bat (D:2)
  4 endoplasms
  A giant cockroach (D:1)
  6 hobgoblins
  A quokka (D:2)
  4 ball pythons
  A ball python simulacrum (D:2)
  5 bats
  6 frilled lizards
  3 quokka skeletons (D:2)
  4 rats
  A spectral quokka (D:2)
43 creatures vanquished.

Vanquished Creatures (others)
  19 withered plants (D:2)
19 creatures vanquished.

Grand Total: 62 creatures vanquished

Notes
Turn   | Place    | Note
-------+----------+-------------------------------------------
     0 | D:1      | SensoryNuts the Vampire Fighter began the quest for the
                  | Orb.
     0 | D:1      | Reached XP level 1. HP: 17/17 MP: 1/1
   142 | D:1      | Reached skill level 1 in Stealth
   212 | D:1      | You fall into a shaft and drop 1 floor!
   247 | D:2      | Reached XP level 2. HP: 20/23 MP: 2/2
   526 | D:1      | Gained mutation: You are afflicted with vampirism and can
                  | become a bat while bloodless. [Vampire growth]
   526 | D:1      | Reached XP level 3. HP: 28/28 MP: 3/3
   556 | D:1      | Found a faded altar of an unknown god.
   665 | D:1      | Reached skill level 1 in Long Blades
  1132 | D:2      | Found Xepsoav's Jewellery Boutique.
  1199 | D:2      | Found Qiug's Armour Boutique.
  1257 | D:2      | Found Uviohaim's Distillery.
  1350 | D:2      | Found Vuhapru's Book Emporium.
  1356 | D:2      | Found Eppiluse's Armour Shoppe.
  1775 | D:2      | Noticed Natasha
  1776 | D:2      | Found the +4 dagger "Morg" {pain, Will+ Int+5}
  1805 | D:2      | Killed Natasha
  1806 | D:2      | Reached XP level 4. HP: 35/35 MP: 4/4
  2253 | D:2      | Identified a scroll of acquirement
  2253 | D:2      | Acquired the +0 crystal plate armour of Card Tricks {rN+
                  | Str+3 Dex+4 Stlth+}
  2353 | D:2      | Noticed Natasha
  2365 | D:2      | Killed from afar by a white imp

Illustrated notes

Levels and vault maps discovered:
D:1:      eino_arrival_cavern_c, layout_loops_cross,
          hellmonk_ecumenical_altar_heavens_door, serial_aquarium,
          aquarium_bridge_square [aquarium_subvault_bridge,
          aquarium_subvault_wall, aquarium_subvault_wall,
          aquarium_subvault_balcony], aquarium_bridge_straight
          [aquarium_subvault_bridge, aquarium_subvault_wall,
          aquarium_subvault_bridge, aquarium_subvault_wall],
          aquarium_window_fake, aquarium_window_2, aquarium_window_corridor_1,
          aquarium_window_2, aquarium_view_2a
D:2:      layout_loops_corners, serial_shops, shop, nicolae_shop_stone,
          nicolae_shop_statue_plus, nicolae_shop_behind_doors, shop,
          dilly_guarded_unrand_morg

Skill      XL: |  1  2  3 |
---------------+----------+-----
Stealth        | 2 |  2.8
Long Blades    | 1 |  1.0
Shields        | 3 |  3.0
Fighting       | 3 |  3.0
Short Blades   | 3 |  3.2
Armour         | |  2.6
Dodging        | |  0.3

Action                   |  1- 3 |  4- 6 || total
-------------------------+-------+-------++-------
Melee: Rapier            |   127 |    20 ||   147
       Bite              |    12 |     1 ||    13
  Use: Scroll            |       |     5 ||     5
       Potion            |       |     3 ||     3
Armor: Scale mail        |    39 |     3 ||    42
       Crystal plate arm |       |    17 ||    17
Dodge: Dodged            |    40 |     5 ||    45
Block: Buckler           |    28 |     9 ||    37
